 Dungeon Crawl Stone Soup version 0.23.2-33-g5129a83184 (webtiles) character file.

Game seed: 8825013009213029979

30325 Gwenloh the Champion of Chaos (level 13, -2/115 HPs)
             Began as a Deep Dwarf Fighter on July 6, 2019.
             Was the Champion of Makhleb.
             Slain by a death yak (10 damage)
             ... on level 4 of the Lair of Beasts.
             The game lasted 01:04:02 (11004 turns).

Gwenloh the Champion of Chaos (Deep Dwarf Fighter) Turns: 11004, Time: 01:04:02

Health: -2/115     AC: 19    Str: 19    XL:     13   Next: 20%
Magic:  16/16      EV: 10    Int: 11    God:    Makhleb [******]
Gold:   881        SH: 14    Dex: 16    Spells: 12/12 levels left

rFire    . . .     SeeInvis +   a - +4 broad axe (venom)
rCold    . . .     Gourm    .   c - +1 shield
rNeg     . . .     Faith    +   C - +1 plate armour
rPois    .         Spirit   .   G - +0 helmet
rElec    .         Reflect  .   B - +0 cloak
rCorr    .         Harm     .   (no gloves)
MR       +....                  (no boots)
Stlth    ..........             g - amulet of faith
HPRegen  0.00/turn              J - ring of see invisible
MPRegen  0.15/turn              (no ring)

@: non-regenerating
A: damage resistance, heal wounds, sense surroundings 2, no regeneration
a: Heal Wounds, Minor Destruction, Lesser Servant of Makhleb, Major Destruction,
Greater Servant of Makhleb, Renounce Religion


You were on level 4 of the Lair of Beasts.
You worshipped Makhleb.
Makhleb was exalted by your worship.
You were hungry.

You visited 3 branches of the dungeon, and saw 15 of its levels.

You collected 881 gold pieces.

Inventory:

Hand Weapons
 a - a +4 broad axe of venom (weapon)
 b - a +0 hunting sling
 M - the +8 whip "Snakebite" {curare, rPois}
   (You found it on level 1 of the Lair of Beasts)

   It poisons the flesh of those it strikes.
   It protects you from poison.
Missiles
 e - 396 stones
 t - 4 javelins (quivered)
 N - 53 sling bullets
Armour
 c - a +1 shield (worn)
 B - a +0 cloak (worn)
 C - a +1 plate armour (worn)
 G - a +0 helmet (worn)
Jewellery
 g - an amulet of faith (around neck)
 D - an uncursed amulet of harm {unknown}
 E - an uncursed amulet of rage {unknown}
 I - an uncursed amulet of regeneration {unknown}
 J - a ring of see invisible (left hand)
 P - an uncursed amulet of magic regeneration {unknown}
Wands
 v - a wand of enslavement (20)
 y - a wand of flame (10)
 K - a wand of disintegration (9)
Scrolls
 h - 3 scrolls of amnesia
 i - a scroll of fear
 k - a scroll of blinking
 l - a scroll of enchant armour
 o - 3 scrolls of magic mapping
 r - 5 scrolls of teleportation
 w - a scroll of fog
 z - a scroll of remove curse
Potions
 d - 3 potions of might
 j - 6 potions of curing
 m - 2 potions of ambrosia
 n - 2 potions of invisibility
 p - 2 potions of resistance
 q - 3 potions of brilliance
 u - a potion of haste
 x - a potion of agility
 A - a potion of experience
 F - a potion of heal wounds {unknown}
 H - 4 potions of lignification
 L - a potion of flight {unknown}
 O - a potion of magic {unknown}
Miscellaneous
 s - a sack of spiders
Comestibles
 f - 37 rations


   Skills:
 + Level 7.2 Fighting
 * Level 11.1 Axes
 * Level 11.6 Armour
 + Level 8.5 Dodging
 * Level 11.7 Shields
 * Level 12.3 Invocations


You had 12 spell levels left.
You didn't know any spells.
Your spell library contained the following spells:

 Spells                   Type           Power        Failure   Level  Hunger
 Animate Skeleton         Necr           N/A          100%        1    ##.....
 Apportation              Tloc           #.....       100%        1    ##.....
 Confusing Touch          Hex            #.....       100%        1    ##.....
 Freeze                   Ice            #...         100%        1    ##.....
 Magic Dart               Conj           #...         100%        1    ##.....
 Summon Small Mammal      Summ           #...         100%        1    ##.....
 Blink                    Tloc           N/A          100%        2    ###....
 Call Imp                 Summ           #.......     100%        2    ###....
 Searing Ray              Conj           #.....       100%        2    ###....
 Throw Frost              Conj/Ice       #.....       100%        2    ###....
 Call Canine Familiar     Summ           #.......     100%        3    ####...
 Dazzling Spray           Conj/Hex       #.....       100%        3    ####...
 Gell's Gravitas          Tloc           #.........   100%        3    ####...
 Ozocubu's Armour         Chrm/Ice       #.......     100%        3    ####...
 Summon Guardian Golem    Hex/Summ       #.......     100%        3    ####...
 Force Lance              Conj/Tloc      #.......     100%        4    #####..
 Fulminant Prism          Conj/Hex       #.........   100%        4    #####..
 Iskenderun's Mystic Bla  Conj           #.......     100%        4    #####..
 Summon Ice Beast         Ice/Summ       #.......     100%        4    #####..
 Summon Lightning Spire   Summ/Air       #.......     100%        4    #####..
 Throw Icicle             Conj/Ice       #.......     100%        4    #####..
 Iskenderun's Battlesphe  Conj/Chrm      #.......     100%        5    ######.
 Ring of Flames           Chrm/Fire      #.........   100%        7    #######


Dungeon Overview and Level Annotations

Branches:
Dungeon (10/15)            Temple (1/1) D:5            Lair (4/6) D:10
  Swamp (0/4) Lair:2       Spider (0/4) Lair:2
    Orc: D:9-12

Altars:
Ashenzari
Dithmenos
Elyvilon
Fedhas
Gozag
Hepliaklqana
Kikubaaqudgha
Makhleb
Nemelex Xobeh
Okawaru
Qazlal
Ru
Sif Muna
Trog
Uskayaw
Vehumet
Wu Jian
Xom
Yredelemnul
Zin
The Shining One

Shops:
D:9 }(

Annotations:
Lair:2 exclusion: ice statue
Lair:3 exclusion: 4 oklob plants


Innate Abilities, Weirdness & Mutations

You are resistant to damage.
You can heal yourself by infusing magical energy.
You passively map the area around you.
You do not regenerate.


Message History

The death yak gores you!!
You hit the death yak but do no damage.
The death yak is lightly wounded.
The death yak gores you!
You hit the death yak but do no damage.
The death yak is poisoned.
The death yak is lightly wounded.
The death yak gores you!
* * * LOW HITPOINT WARNING * * *
You hit the death yak but do no damage.
The death yak is lightly wounded.
The death yak gores you!
* * * LOW HITPOINT WARNING * * *
You hit the death yak.
The death yak is lightly wounded.
The death yak gores you!
* * * LOW HITPOINT WARNING * * *
You slash the death yak!
The death yak is moderately wounded.
The death yak gores you!
You die...

** ##...## *
,......>..... ,
#...## ............ *
##..# ,.#.......... ,
#...# ,........<... ,
##..# *............ *
* #..## * ..........
* ##...# ### * , * **
##.#..†####.## ,,, ,,
, .........##.#@# ,
,,
,..#........###Y...#
,, *
...#.................
, , ,
.##.#..P###.#P.......
, ##..### ## ###....
, , *,,.... #...
*..... .## ,, *#... *
* # * , * ,, * * , ,


You could see a death yak.

Vanquished Creatures
  A hydra (Lair:1)
  A two-headed ogre (D:9)
  8 death yaks
  Pikel (D:5)
  An ugly thing (D:10)
  5 black mambas
  8 spiny frogs
  A centaur skeleton (D:10)
  2 komodo dragons
  A freezing wraith (Lair:2)
  3 polar bears
  A jumping spider (Lair:2)
  8 blink frogs
  5 hippogriffs
  30 yaks
  A spriggan (Lair:1)
  A wyvern (Lair:4)
  A steam dragon (D:10)
  A hungry ghost (D:10)
  6 insubstantial wisps (Lair:2)
  17 water moccasins
  10 porcupines
  10 ice beasts
  5 orc warriors
  A sky beast (D:6)
  3 slaves (D:5)
  3 black bears
  2 phantoms
  3 ogres
  11 wolves
  2 crocodiles
  9 centaurs
  A big kobold (D:6)
  10 bullfrogs
  A wyvern zombie (D:10)
  A water moccasin zombie (D:7)
  A water moccasin skeleton (D:9)
  2 scorpions
  7 killer bees (D:10)
  A howler monkey (D:5)
  An electric eel (D:6)
  3 crimson imps
  2 centaur zombies
  A quasit (D:9)
  3 jellies
  6 orc priests
  6 hounds
  2 bullfrog skeletons (D:7)
  4 iguanas
  8 orc wizards
  4 worker ants
  2 hound skeletons
  2 hound zombies
  12 adders
  2 shadow imps
  2 white imps
  An ooze (D:3)
  An adder zombie (D:5)
  2 adder skeletons
  3 dart slugs
  7 leopard geckos
  36 orcs
  6 bats
  5 giant cockroaches
  9 hobgoblins
  23 jackals
  10 kobolds
  4 quokkas
  3 frilled lizards
  11 goblins
  A jackal skeleton (D:4)
  A leopard gecko zombie (D:8)
  10 rats
  3 plants
382 creatures vanquished.

Vanquished Creatures (collateral kills)
  A porcupine (Lair:1)
  A crocodile (Lair:1)
2 creatures vanquished.

Vanquished Creatures (others)
  7 fungi (Lair:2)
  6 plants
13 creatures vanquished.

Grand Total: 397 creatures vanquished

Notes
Turn   | Place    | Note
-------+----------+-------------------------------------------
     0 | D:1      | Gwenloh the Deep Dwarf Fighter began the quest for the Orb.
     0 | D:1      | Reached XP level 1. HP: 20/20 MP: 1/1
   107 | D:1      | Reached XP level 2. HP: 25/27 MP: 2/2
   358 | D:1      | Reached skill level 1 in Dodging
   553 | D:2      | Reached XP level 3. HP: 20/33 MP: 3/3
   660 | D:2      | Found a glowing golden altar of the Shining One.
   760 | D:2      | Found a deep blue altar of Sif Muna.
  1056 | D:3      | Reached XP level 4. HP: 33/40 MP: 3/3
  1351 | D:3      | Found an opulent altar of Gozag.
  1528 | D:3      | Reached XP level 5. HP: 49/49 MP: 4/4
  1682 | D:3      | Found a shimmering altar of Xom.
  1684 | D:3      | Found a white marble altar of Elyvilon.
  2472 | D:4      | Got a warped scale mail
  2483 | D:4      | Identified the +1 scale mail of Lymmearr {rC+ Slay+2} (You
                  | found it on level 4 of the Dungeon)
  2587 | D:5      | Entered Level 5 of the Dungeon
  2654 | D:5      | Reached XP level 6. HP: 31/56 MP: 5/5
  2675 | D:5      | Found a staircase to the Ecumenical Temple.
  2700 | Temple   | Entered the Ecumenical Temple
  2764 | Temple   | Became a worshipper of Makhleb the Destroyer
  2778 | D:5      | Reached skill level 5 in Shields
  2912 | D:5      | Noticed an orc warrior
  2923 | D:5      | Killed an orc warrior
  2923 | D:5      | Reached skill level 5 in Armour
  2974 | D:5      | Found a sparkling altar of Nemelex Xobeh.
  3027 | D:5      | Reached XP level 7. HP: 37/62 MP: 5/5
  3030 | D:5      | Reached skill level 1 in Invocations
  3138 | D:5      | Reached * piety under Makhleb
  3252 | D:5      | Reached skill level 2 in Invocations
  3317 | D:5      | Noticed Pikel
  3327 | D:5      | Killed Pikel
  3327 | D:5      | Reached skill level 3 in Invocations
  3327 | D:5      | Reached XP level 8. HP: 30/72 MP: 6/8
  3389 | D:5      | Reached skill level 4 in Invocations
  3628 | D:6      | Reached skill level 5 in Axes
  3871 | D:6      | Reached ** piety under Makhleb
  3906 | D:6      | Reached skill level 5 in Invocations
  3949 | D:6      | Gained mutation: You passively map the area around you.
                  | [Deep Dwarf growth]
  3949 | D:6      | Reached XP level 9. HP: 54/79 MP: 10/10
  4111 | D:6      | Reached skill level 5 in Dodging
  4596 | D:7      | Found a blossoming altar of Fedhas.
  4627 | D:7      | Reached skill level 6 in Invocations
  4872 | D:7      | Found an ornate altar of the Wu Jian Council.
  4955 | D:7      | Found a glowing golden altar of the Shining One.
  5045 | D:8      | Reached *** piety under Makhleb
  5349 | D:8      | Reached skill level 7 in Invocations
  5468 | D:8      | Reached **** piety under Makhleb
  5610 | D:8      | Reached XP level 10. HP: 87/87 MP: 13/13
  5823 | D:9      | Found Jutaoles's Gadget Boutique.
  5992 | D:9      | Reached skill level 5 in Fighting
  6028 | D:9      | Noticed a two-headed ogre
  6037 | D:9      | HP: 3/88 [two-headed ogre/+0 giant spiked club (7)]
  6042 | D:9      | Killed a two-headed ogre
  6092 | D:9      | Found Icerr's Antique Weapon Boutique.
  6375 | D:10     | Entered Level 10 of the Dungeon
  6417 | D:10     | Noticed a green ugly thing
  6433 | D:10     | Killed a green ugly thing
  6433 | D:10     | Reached skill level 8 in Invocations
  6571 | D:10     | Identified a scroll of acquirement
  6730 | D:10     | Found a staircase to the Lair.
  6853 | D:10     | Identified Sif Muna's Handbook of Warped Boosts
  6975 | D:10     | Reached skill level 9 in Invocations
  6975 | D:10     | Reached XP level 11. HP: 96/96 MP: 14/14
  7272 | Lair:1   | Entered Level 1 of the Lair of Beasts
  7411 | Lair:1   | Reached ***** piety under Makhleb
  7679 | Lair:1   | Noticed a seven-headed hydra
  7703 | Lair:1   | Killed a seven-headed hydra
  8086 | Lair:1   | Reached skill level 10 in Invocations
  8093 | Lair:1   | Reached skill level 10 in Shields
  8211 | Lair:1   | Found the +8 whip "Snakebite" {curare, rPois}
  8424 | Lair:2   | Reached skill level 10 in Armour
  8506 | Lair:2   | Found a hole to the Spider Nest.
  8776 | Lair:2   | Reached XP level 12. HP: 86/105 MP: 14/14
  8968 | Lair:2   | Found a staircase to the Swamp.
  9285 | Lair:3   | Noticed a death yak
  9285 | Lair:3   | Noticed a death yak
  9289 | Lair:3   | Noticed a death yak
  9347 | Lair:3   | Reached skill level 11 in Invocations
  9357 | Lair:3   | Reached skill level 10 in Axes
  9491 | Lair:3   | Reached ****** piety under Makhleb
  9687 | Lair:3   | Noticed a death yak
  9706 | Lair:3   | Killed a death yak
  9717 | Lair:3   | Killed a death yak
  9719 | Lair:3   | Killed a death yak
  9728 | Lair:3   | Killed a death yak
 10072 | Lair:3   | Reached skill level 12 in Invocations
 10697 | Lair:4   | Reached XP level 13. HP: 115/115 MP: 16/16
 11004 | Lair:4   | Slain by a death yak

Skill      XL: |  1  2  3  4  5  6  7  8  9 10 11 12 13 |
---------------+----------------------------------------+-----
Dodging        | 1 2 3 4 5 6 7 8 |  8.5
Shields        | 4 5 6 7 8 9 10 11 | 11.7
Armour         | 4 5 6 8 9 10 11 | 11.6
Fighting       | 3 4 5 6 7 |  7.2
Axes           | 3 4 5 7 8 9 10 11 | 11.1
Invocations    | 3 5 7 9 10 12 | 12.3

Action                   |  1- 3 |  4- 6 |  7- 9 | 10-12 | 13-15 || total
-------------------------+-------+-------+-------+-------+-------++-------
Melee: War axe           |   188 |   147 |       |       |       ||   335
       Broad axe         |       |    27 |   330 |   729 |    78 ||  1164
       Trident           |       |       |       |     9 |       ||     9
 Fire: Hunting sling     |       |     7 |       |     2 |       ||     9
Throw: Javelin           |       |     1 |     3 |     6 |       ||    10
Invok: Minor Destruction |       |       |       |     5 |       ||     5
 Abil: Heal Wounds       |     1 |     5 |     5 |    15 |       ||    26
Evoke: Wand              |       |       |       |     4 |       ||     4
  Use: Scroll            |     3 |     6 |     8 |     9 |     2 ||    28
       Potion            |       |       |       |     1 |       ||     1
  Eat: Chunk             |     1 |     7 |     9 |    18 |     1 ||    36
Armor: Scale mail        |    38 |    13 |    86 |       |       ||   137
       Chain mail        |    61 |    66 |       |       |       ||   127
       Plate armour      |       |       |       |   448 |    19 ||   467
Dodge: Dodged            |    44 |    39 |    97 |   291 |    17 ||   488
Block: Shield            |    97 |    98 |   200 |   582 |    38 ||  1015
